MLB
PHILADELPHIA PHILLIES @ MIAMI MARLINS
05/02/2044
 
TOP OF THE 1ST
Philadelphia Phillies batting - Pitching for Miami Marlins : RHP Alex Mora
Pitching: RHP Alex Mora
Batting: RHB Ji-an Li 0-0: Ball
1-0: Ground out 4-3 (Groundball, 4M, EV 78.8 MPH)
Batting: LHB Nick Canizales 0-0: Foul Ball, location: 2F
0-1: Called Strike
0-2: Ball
1-2: Fly out, F4 (Line Drive, 4, EV 70.0 MPH)
Batting: LHB Eric Katz 0-0: Called Strike
0-1: Ball
1-1: Ball
2-1: Ball
3-1: Base on Balls
Batting: LHB Alberto Figueroa 0-0: Ball
1-0: Foul Ball, location: 2F
1-1: Ball
2-1: Ball
3-1: Swinging Strike
3-2: DOUBLE (Line Drive, 7LM, EV 91.2 MPH)
Eric Katz to third
Eric Katz scores
Batting: LHB Ryan Trombley 0-0: Ball
1-0: Swinging Strike
1-1: SINGLE (Line Drive, 4MD, EV 103.1 MPH)
Alberto Figueroa to third
Batting: RHB Raul de la Cruz 0-0: Swinging Strike
0-1: SINGLE (Groundball, 6M, EV 100.0 MPH) (infield hit)
Alberto Figueroa scores
Ryan Trombley to second
Batting: RHB Chef Belew 0-0: Swinging Strike
0-1: Ball
1-1: Foul Ball, location: 2F
1-2: Strikes out swinging
Top of the 1st over - 2 runs, 3 hits, 0 errors, 2 left on base; Philadelphia 2 - Miami 0
BOTTOM OF THE 1ST
Miami Marlins batting - Pitching for Philadelphia Phillies : LHP Lennart Hjelm
Pitching: LHP Lennart Hjelm
Batting: RHB Roger Salazar 0-0: Ball
1-0: SINGLE (Groundball, 34D, EV 108.1 MPH)
Batting: RHB Micah Christopher 0-0: Ball
1-0: Bunted foul
1-1: Sac Bunt to 15S - play at first, batter OUT! 1-4
Roger Salazar to second
Batting: SHB Matt Altieri 0-0: Called Strike
0-1: Called Strike
0-2: Ball
1-2: Ball
2-2: SINGLE (Groundball, 56D, EV 105.0 MPH)
Roger Salazar to third
Runner from 3rd tries for Home, SAFE, throw by LF to home
Matt Altieri to second
Batting: LHB Andre Gorter 0-0: Called Strike
0-1: Ball
1-1: Ball
Matt Altieri steals 3rd base
2-1: Called Strike
2-2: Foul Ball, location: 2F
2-2: Strikes out swinging
Batting: RHB Jimmy Groseclose 0-0: Called Strike
0-1: Called Strike
0-2: Strikes out swinging
Bottom of the 1st over - 1 run, 2 hits, 0 errors, 1 left on base; Philadelphia 2 - Miami 1
TOP OF THE 2ND
Philadelphia Phillies batting - Pitching for Miami Marlins : RHP Alex Mora
Batting: SHB Patrick Kimmel 0-0: Called Strike
0-1: Ball
1-1: Ball
2-1: Swinging Strike
2-2: Foul Ball, location: 2F
2-2: Ball
3-2: Fly out, F8 (Flyball, 8RD, EV 75.6 MPH)
Batting: RHB Mitch Boyd 0-0: Ball
1-0: Called Strike
1-1: SINGLE (Flyball, 34D, EV 91.9 MPH)
Batting: RHB Ji-an Li 0-0: Ball
1-0: Swinging Strike
1-1: Ball
2-1: Fly out, F8 (Flyball, 89M, EV 78.1 MPH)
Batting: LHB Nick Canizales 0-0: DOUBLE (Line Drive, 89M, EV 103.1 MPH)
Mitch Boyd to third
Runner from 3rd tries for Home, SAFE, throw by RF to home
Batting: LHB Eric Katz 0-0: Called Strike
0-1: Ground out 1-3 (Groundball, 15, EV 73.8 MPH)
Top of the 2nd over - 1 run, 2 hits, 0 errors, 1 left on base; Philadelphia 3 - Miami 1
BOTTOM OF THE 2ND
Miami Marlins batting - Pitching for Philadelphia Phillies : LHP Lennart Hjelm
Batting: RHB Justin Huff 0-0: Foul Ball, location: 2F
0-1: Ball
1-1: Ball
2-1: Ball
3-1: Fly out, F5 (Popup, 5SF, EV 70.0 MPH)
Batting: RHB Jeff Garofalo 0-0: Ground out U3 (Groundball, 3L, EV 100.0 MPH)
Batting: RHB Seth Tramontano 0-0: Ball
1-0: Called Strike
1-1: Ball
2-1: Foul Ball, location: 2F
2-2: Strikes out looking
Bottom of the 2nd over - 0 runs, 0 hits, 0 errors, 0 left on base; Philadelphia 3 - Miami 1
TOP OF THE 3RD
Philadelphia Phillies batting - Pitching for Miami Marlins : RHP Alex Mora
Batting: LHB Alberto Figueroa 0-0: Ground out 6-3 (Groundball, 6S, EV 81.2 MPH)
Batting: LHB Ryan Trombley 0-0: Fly out, F7 (Flyball, 7, EV 85.6 MPH)
Batting: RHB Raul de la Cruz 0-0: Ball
1-0: Ball
2-0: Foul Ball, location: 2F
2-1: SINGLE (Groundball, 4MS, EV 67.5 MPH) (infield hit)
Batting: RHB Chef Belew 0-0: Ball
1-0: Ground out 4-3 (Groundball, 34, EV 100.0 MPH)
Top of the 3rd over - 0 runs, 1 hit, 0 errors, 1 left on base; Philadelphia 3 - Miami 1
BOTTOM OF THE 3RD
Miami Marlins batting - Pitching for Philadelphia Phillies : LHP Lennart Hjelm
Batting: RHB Josh Crenwelge 0-0: Ball
1-0: Ball
2-0: Ball
3-0: Called Strike
3-1: Base on Balls
Batting: RHB Roger Salazar 0-0: Ball
1-0: Swinging Strike
1-1: Ball
2-1: Ball
3-1: Base on Balls
Josh Crenwelge to second
Batting: RHB Micah Christopher 0-0: Ball
1-0: Ball
2-0: Ball
3-0: Base on Balls
Josh Crenwelge to third
Roger Salazar to second
Batting: SHB Matt Altieri 0-0: Ball
1-0: Called Strike
1-1: Ball
2-1: Ball
3-1: Base on Balls
Josh Crenwelge scores
Roger Salazar to third
Micah Christopher to second
Batting: LHB Andre Gorter 0-0: Ball
1-0: Fly out, F8 (Flyball, 8LS, EV 80.0 MPH)
Batting: RHB Jimmy Groseclose 0-0: Foul Ball, location: 2F
0-1: Foul Ball, location: 2F
0-2: Ball
1-2: Ball
2-2: SINGLE (Line Drive, 9S, EV 90.6 MPH)
Roger Salazar scores
Micah Christopher to third
Matt Altieri to second
Runner from 3rd tries for Home, SAFE, throw by RF to home
Batting: RHB Justin Huff 0-0: Foul Ball, location: 2F
0-1: Called Strike
0-2: Ball
1-2: Foul Ball, location: 2F
1-2: Ball
2-2: Foul Ball, location: 2F
2-2: Ball
3-2: Foul Ball, location: 2F
3-2: Foul Ball, location: 2F
3-2: Base on Balls
Matt Altieri to third
Jimmy Groseclose to second
Batting: RHB Jeff Garofalo 0-0: Ball
1-0: Called Strike
1-1: Ball
2-1: Swinging Strike
2-2: Ball
3-2: Foul Ball, location: 2F
3-2: Base on Balls
Matt Altieri scores
Jimmy Groseclose to third
Justin Huff to second
Pitching: LHP Luis Concepcion
Batting: RHB Seth Tramontano 0-0: SINGLE (Line Drive, 78S, EV 103.8 MPH)
Jimmy Groseclose scores
Justin Huff to third
Jeff Garofalo to second
Batting: RHB Josh Crenwelge 0-0: Called Strike
0-1: Ball
1-1: Called Strike
1-2: Strikes out looking
Batting: RHB Roger Salazar 0-0: Foul Ball, location: 2F
0-1: Ball
1-1: Ball
2-1: Called Strike
2-2: Fielders Choice at 2nd, 5-4 (Groundball, 56, EV 86.2 MPH)
Bottom of the 3rd over - 5 runs, 2 hits, 0 errors, 3 left on base; Philadelphia 3 - Miami 6
TOP OF THE 4TH
Philadelphia Phillies batting - Pitching for Miami Marlins : RHP Alex Mora
Batting: SHB Patrick Kimmel 0-0: Called Strike
0-1: SOLO HOME RUN (Flyball, 9D, EV 97.5 MPH), Distance : 378 ft
Batting: RHB Mitch Boyd 0-0: Ground out 6-3 (Groundball, 56, EV 83.1 MPH)
Batting: RHB Ji-an Li 0-0: Ball
1-0: Called Strike
1-1: Called Strike
1-2: SINGLE (Flyball, 3D, EV 92.5 MPH)
Batting: LHB Nick Canizales 0-0: Ball
1-0: Called Strike
1-1: Called Strike
1-2: Foul Ball, location: 2F
1-2: Ball
2-2: Ball
3-2: Fielders Choice at 2nd, 4-6 (Groundball, 4, EV 84.4 MPH)
Batting: LHB Eric Katz 0-0: Called Strike
0-1: Called Strike
0-2: Ball
Nick Canizales is caught stealing 2nd base 2-6
Top of the 4th over - 1 run, 2 hits, 0 errors, 0 left on base; Philadelphia 4 - Miami 6
BOTTOM OF THE 4TH
Miami Marlins batting - Pitching for Philadelphia Phillies : LHP Luis Concepcion
Batting: RHB Micah Christopher 0-0: Ground out 5-3 (Groundball, 56S, EV 83.1 MPH)
Batting: SHB Matt Altieri 0-0: SINGLE (Groundball, 34D, EV 102.5 MPH)
Batting: LHB Andre Gorter 0-0: Ball
1-0: Ball
2-0: Called Strike
2-1: Foul Ball, location: 2F
2-2: Ball
3-2: Fly out, F7 (Flyball, 7S, EV 85.6 MPH)
Batting: RHB Jimmy Groseclose 0-0: Ball
1-0: Ball
2-0: Ball
3-0: Called Strike
3-1: Fielders Choice at 2nd, 5-4 (Groundball, 56, EV 80.6 MPH)
Bottom of the 4th over - 0 runs, 1 hit, 0 errors, 1 left on base; Philadelphia 4 - Miami 6
TOP OF THE 5TH
Philadelphia Phillies batting - Pitching for Miami Marlins : RHP Alex Mora
Batting: LHB Eric Katz 0-0: Ball
1-0: Called Strike
1-1: Fly out, F8 (Flyball, 8LXD, EV 110.0 MPH)
Batting: LHB Alberto Figueroa 0-0: Ball
1-0: Fly out, F7 (Flyball, 78M, EV 96.9 MPH)
Batting: LHB Ryan Trombley 0-0: Called Strike
0-1: Ground out 6-3 (Groundball, 6, EV 98.8 MPH)
Top of the 5th over - 0 runs, 0 hits, 0 errors, 0 left on base; Philadelphia 4 - Miami 6
BOTTOM OF THE 5TH
Miami Marlins batting - Pitching for Philadelphia Phillies : LHP Luis Concepcion
Batting: RHB Justin Huff 0-0: Ground out 5-3 (Groundball, 56, EV 104.4 MPH)
Batting: RHB Jeff Garofalo 0-0: Ball
1-0: Fly out, F7 (Flyball, 7, EV 90.0 MPH)
Batting: RHB Seth Tramontano 0-0: Ball
1-0: Swinging Strike
1-1: Ball
2-1: Ball
3-1: Called Strike
3-2: Foul Ball, location: 2F
3-2: Fly out, F5 (Flyball, 5D, EV 87.5 MPH)
Bottom of the 5th over - 0 runs, 0 hits, 0 errors, 0 left on base; Philadelphia 4 - Miami 6
TOP OF THE 6TH
Philadelphia Phillies batting - Pitching for Miami Marlins : RHP Alex Mora
Batting: RHB Raul de la Cruz 0-0: Ball
1-0: Ball
2-0: Called Strike
2-1: Ball
3-1: Base on Balls
Batting: RHB Chef Belew 0-0: Ball
Wild Pitch!
Raul de la Cruz to second
1-0: Fly out, F7 (Line Drive, 7, EV 105.6 MPH)
Batting: SHB Patrick Kimmel 0-0: Swinging Strike
0-1: Ball
1-1: Ground out 4-3 (Groundball, 4S, EV 81.9 MPH)
Raul de la Cruz to third
Batting: RHB Mitch Boyd 0-0: Foul Ball, location: 2F
0-1: Called Strike
0-2: Fly out, F9 (Flyball, 89D, EV 95.0 MPH)
Top of the 6th over - 0 runs, 0 hits, 0 errors, 1 left on base; Philadelphia 4 - Miami 6
BOTTOM OF THE 6TH
Miami Marlins batting - Pitching for Philadelphia Phillies : LHP Luis Concepcion
Batting: RHB Josh Crenwelge 0-0: Foul Ball, location: 2F
0-1: Ball
1-1: SINGLE (Groundball, 6D, EV 96.2 MPH)
Batting: RHB Roger Salazar 0-0: Fly out, F3 (Line Drive, 3, EV 67.5 MPH)
Batting: RHB Micah Christopher 0-0: SINGLE (Groundball, 56D, EV 100.0 MPH)
Josh Crenwelge to second
Batting: SHB Matt Altieri 0-0: Fielders Choice at 2nd, 6-4 (Groundball, 6M, EV 90.6 MPH)
Josh Crenwelge to third
Batting: LHB Andre Gorter 0-0: Called Strike
0-1: Foul Ball, location: 2F
0-2: Ball
1-2: Ball
2-2: Ball
3-2: Ground out 4-3 (Groundball, 4S, EV 85.0 MPH)
Bottom of the 6th over - 0 runs, 2 hits, 0 errors, 2 left on base; Philadelphia 4 - Miami 6
TOP OF THE 7TH
Philadelphia Phillies batting - Pitching for Miami Marlins : RHP Alex Mora
Batting: RHB Ji-an Li 0-0: Ground out 6-3 (Groundball, 56, EV 80.0 MPH)
Batting: LHB Nick Canizales 0-0: Ball
1-0: Ball
2-0: Fly out, F8 (Flyball, 8LD, EV 103.8 MPH)
Batting: LHB Eric Katz 0-0: Called Strike
0-1: Swinging Strike
0-2: Ball
1-2: Ball
2-2: SOLO HOME RUN (Flyball, 8LXD, EV 115.6 MPH), Distance : 447 ft
Pitching: LHP Paul Cantrell
Batting: LHB Alberto Figueroa 0-0: Fly out, F9 (Flyball, 9, EV 95.0 MPH)
Top of the 7th over - 1 run, 1 hit, 0 errors, 0 left on base; Philadelphia 5 - Miami 6
BOTTOM OF THE 7TH
Miami Marlins batting - Pitching for Philadelphia Phillies : LHP Luis Concepcion
Pitching: LHP Rico Saldarriaga
Batting: RHB Jimmy Groseclose 0-0: Called Strike
0-1: Foul Ball, location: 2F
0-2: Strikes out looking
Batting: RHB Justin Huff 0-0: Ball
1-0: Called Strike
1-1: Called Strike
1-2: Fly out, F9 (Flyball, 89M, EV 96.2 MPH)
Batting: RHB Jeff Garofalo 0-0: Ball
1-0: Foul Ball, location: 2F
1-1: Swinging Strike
1-2: Strikes out swinging
Bottom of the 7th over - 0 runs, 0 hits, 0 errors, 0 left on base; Philadelphia 5 - Miami 6
TOP OF THE 8TH
Philadelphia Phillies batting - Pitching for Miami Marlins : LHP Paul Cantrell
Batting: LHB Ryan Trombley 0-0: Called Strike
0-1: Called Strike
0-2: Foul Ball, location: 2F
0-2: Foul Ball, location: 2F
0-2: Ground out 6-3 (Groundball, 6, EV 85.6 MPH)
Batting: RHB Raul de la Cruz 0-0: Ground out 6-3 (Groundball, 56, EV 91.9 MPH)
Batting: RHB Chef Belew 0-0: Ground out U3 (Groundball, 3L, EV 82.5 MPH)
Top of the 8th over - 0 runs, 0 hits, 0 errors, 0 left on base; Philadelphia 5 - Miami 6
BOTTOM OF THE 8TH
Miami Marlins batting - Pitching for Philadelphia Phillies : LHP Rico Saldarriaga
Batting: RHB Seth Tramontano 0-0: Ball
1-0: Called Strike
1-1: Swinging Strike
1-2: Foul Ball, location: 2F
1-2: Foul Ball, location: 2F
1-2: Ball
2-2: Ball
3-2: Foul Ball, location: 2F
3-2: Base on Balls
Batting: RHB Josh Crenwelge 0-0: Called Strike
0-1: Bunted foul
0-2: Ball
1-2: 2-RUN HOME RUN (Flyball, 7LD, EV 97.5 MPH), Distance : 360 ft
Batting: RHB Roger Salazar 0-0: Called Strike
0-1: Ball
1-1: Foul Ball, location: 2F
1-2: Ball
2-2: Ground out 3-1 (Groundball, 34, EV 83.8 MPH)
Batting: RHB Micah Christopher 0-0: Ball
1-0: Ball
2-0: Ball
3-0: Base on Balls
Batting: SHB Matt Altieri 0-0: Foul Ball, location: 2F
0-1: DOUBLE (Line Drive, 7LD, EV 101.9 MPH)
Micah Christopher to third
Batting: LHB Andre Gorter 0-0: Ball
1-0: Ball
2-0: Called Strike
2-1: Foul Ball, location: 2F
2-2: Foul Ball, location: 2F
2-2: Ball
3-2: SINGLE (Line Drive, 7S, EV 90.6 MPH)
Micah Christopher scores
Matt Altieri to third
Runner from 3rd tries for Home, throw by LF and OUT! 7-2
Pitching: RHP Victor Barron
Batting: RHB Jimmy Groseclose 0-0: Called Strike
Andre Gorter steals 2nd base
0-1: Ball
1-1: Swinging Strike
1-2: Ball
2-2: Ball
3-2: Fly out, F9 (Flyball, 89S, EV 87.5 MPH)
Bottom of the 8th over - 3 runs, 3 hits, 0 errors, 1 left on base; Philadelphia 5 - Miami 9
TOP OF THE 9TH
Philadelphia Phillies batting - Pitching for Miami Marlins : LHP Paul Cantrell
Batting: SHB Patrick Kimmel 0-0: Called Strike
0-1: Swinging Strike
0-2: Strikes out swinging
Batting: RHB Mitch Boyd 0-0: Ground out 1-3 (Groundball, 34S, EV 66.9 MPH)
Batting: RHB Ji-an Li 0-0: Ball
1-0: Ball
2-0: Called Strike
2-1: SINGLE (Line Drive, 6M, EV 96.9 MPH)
Batting: LHB Nick Canizales 0-0: Ball
1-0: Foul Ball, location: 2F
1-1: Swinging Strike
1-2: Ball
2-2: Ball
3-2: Ground out 1-3 (Groundball, 34S, EV 62.5 MPH)
Top of the 9th over - 0 runs, 1 hit, 0 errors, 1 left on base; Philadelphia 5 - Miami 9
Thursday, March 31st , 2022 - OOTP Baseball 22.12 Build 89